[Event "African Online-ch Women 2021"]
[Site "Online"]
[Date "2021.02.01"]
[Round "1.1"]
[White "Sitoe, Cheila Andre"]
[Black "Wafa, Shahenda"]
[Result "0-1"]
[WhiteElo "1588"]
[BlackElo "2143"]
[PlyCount "86"]
[EventDate "2021.02.01"]
[EventType "swiss"]
[EventCountry "NET"]
[TimeControl "1500+10"]
[WhiteClock "0:04:20"]
[BlackClock "0:01:13"]

{Clock started by Arbiter.} 1. e4 c5 2. Nf3 Nc6 3. Be2 g6 4. Nc3 Bg7 5. d3 e6 6. Be3 Nd4 7. O-O Ne7 8. h3 O-O 9. Nh2 d5 10. Bg5 Nxe2+ 11. Qxe2 d4 12. Nd1 h6 13. Bh4 g5 14. Bg3 Ng6 15. f3 f5 16. exf5 exf5 17. Re1 Bd7 18. Nf1 h5 19. Nd2 g4 20. fxg4 fxg4 21. hxg4 Bxg4 22. Nf3 h4 23. Bh2 h3 24. Qe4 Bxf3 25. gxf3 Qg5+ 26. Qg4 Nh4 27. Qxg5 Nxf3+ 28. Kh1 Nxg5 29. Bd6 Rf5 30. b3 Rd8 31. Be7 Re8 32. Nb2 Nf3 33. Re4 Kf7 34. Bd6 Re6 35. Bf4 Rxe4 36. dxe4 Rxf4 37. Nd3 Rxe4 38. Rf1 Re3 39. Nxc5 b6 40. Nd3 Bf6 41. Nf4 Re1 42. Rxe1 Nxe1 43. Nxh3 Nxc2 {[%emt 0:00:01] #R} 0-1

[Event "African Online-ch Women 2021"]
[Site "Online"]
[Date "2021.02.01"]
[Round "1.2"]
[White "Mezioud, Amina"]
[Black "Ben Said, Safa"]
[Result "1-0"]
[WhiteElo "2071"]
[BlackElo "1577"]
[PlyCount "79"]
[EventDate "2021.02.01"]
[EventType "swiss"]
[EventCountry "NET"]
[TimeControl "1500+10"]
[WhiteClock "0:03:00"]
[BlackClock "0:08:40"]

1. e4 e5 2. Nf3 Nc6 3. Bb5 d6 4. O-O Bd7 5. d4 Nxd4 6. Bxd7+ Qxd7 7. Nxd4 exd4 8. Qxd4 Nf6 9. Nc3 Be7 10. Bg5 O-O 11. Rad1 Qg4 12. Be3 Nd7 13. h3 Qg6 14. Nd5 Bf6 15. Qa4 Nb6 16. Bxb6 axb6 17. Qc4 Bd8 18. Rd3 c6 19. Ne3 Bc7 20. Nf5 Qf6 21. Rf3 Qxb2 22. c3 Qxa2 23. Qd4 f6 24. c4 d5 25. exd5 Be5 26. Qg4 g6 27. dxc6 bxc6 28. Ne7+ Kg7 29. Nxc6 Rac8 30. Qd7+ Kh6 31. Nxe5 fxe5 32. Rxf8 Rxf8 33. Qe7 Rf4 34. g3 Rf5 35. g4 Rf4 36. Qxe5 Qxc4 37. Re1 Qc5 38. Qxf4+ Qg5 39. Qxg5+ Kxg5 40. Rb1 {[%emt 0:00:03] #r} 1-0

[Event "African Online-ch Women 2021"]
[Site "Online"]
[Date "2021.02.01"]
[Round "1.3"]
[White "Shah, Riya"]
[Black "Latreche, Sabrina"]
[Result "0-1"]
[WhiteElo "1559"]
[BlackElo "2076"]
[PlyCount "66"]
[EventDate "2021.02.01"]
[EventType "swiss"]
[EventCountry "NET"]
[TimeControl "1500+10"]
[WhiteClock "0:02:50"]
[BlackClock "0:07:07"]

1. d4 Nf6 2. e3 e6 3. Bd3 c5 4. c3 Nc6 5. f4 a6 6. Nf3 b5 7. b3 Bb7 8. O-O d6 9. Bb2 Be7 10. Nbd2 Qb6 11. Kh1 Rd8 12. Qe2 cxd4 13. cxd4 Nb4 14. Bb1 Nbd5 15. h3 O-O 16. Ne4 Nxe4 17. Bxe4 f5 18. Bd3 Rc8 19. Rac1 h6 20. h4 Nf6 21. g3 Ng4 22. Kg1 Nf6 23. Nd2 Ba8 24. Nf3 Qb7 25. Kh2 Ng4+ 26. Kh3 Rxc1 27. Rxc1 Qxf3 28. Qxf3 Bxf3 29. Rf1 Bb7 30. Bc1 Rb8 31. Be2 h5 32. Bxg4 hxg4+ 33. Kh2 Rc8 {[%emt 0:00:02] #R} 0-1

[Event "African Online-ch Women 2021"]
[Site "Online"]
[Date "2021.02.01"]
[Round "1.4"]
[White "Moaataz, Ayah"]
[Black "Du Plessis, Anika"]
[Result "1-0"]
[WhiteElo "2028"]
[BlackElo "1541"]
[PlyCount "77"]
[EventDate "2021.02.01"]
[EventType "swiss"]
[EventCountry "NET"]
[TimeControl "1500+10"]
[WhiteClock "0:04:24"]
[BlackClock "0:00:31"]

1. c4 e5 2. g3 Nf6 3. Bg2 Be7 4. Nc3 O-O 5. Nf3 d6 6. d3 c6 7. O-O Be6 8. Rb1 Nbd7 9. e4 d5 10. Ng5 h6 11. Nxe6 fxe6 12. exd5 exd5 13. cxd5 Qc7 14. dxc6 bxc6 15. Be3 Rad8 16. Qa4 Nb6 17. Qb3+ Kh8 18. Ne4 Nbd5 19. Bd2 Qb6 20. Qa4 Bb4 21. Rbd1 a5 22. a3 Bxd2 23. Rxd2 Qb5 24. Qc2 Ng4 25. h3 Ngf6 26. Rc1 Ne7 27. Nc5 Rd6 28. Re1 Ng6 29. Ne4 Rd4 30. Nxf6 Rxf6 31. Be4 Ne7 32. Rc1 Rfd6 33. Re2 Nd5 34. Qc5 Qxc5 35. Rxc5 a4 36. Ra5 Nf6 37. Bf5 Kg8 38. Raxe5 R6d5 39. Be6+ {[%emt 0:00:05] #r} 1-0

[Event "African Online-ch Women 2021"]
[Site "Online"]
[Date "2021.02.01"]
[Round "1.6"]
[White "Caxita, Esperanca"]
[Black "Castro, Neusa Aridas De"]
[Result "1-0"]
[WhiteElo "1882"]
[BlackElo "1512"]
[PlyCount "53"]
[EventDate "2021.02.01"]
[EventType "swiss"]
[EventCountry "NET"]
[TimeControl "1500+10"]
[WhiteClock "0:24:05"]
[BlackClock "0:19:06"]

1. e4 e6 2. d4 d5 3. exd5 exd5 4. Nf3 Nf6 5. Bd3 Bd6 6. O-O Bg4 7. c3 Nbd7 8. Re1+ Be7 9. Bg5 O-O 10. Nbd2 c6 11. Bf4 Re8 12. Qb3 b6 13. h3 Bxf3 14. Nxf3 Rc8 15. Qa4 a5 16. Ba6 b5 17. Qc2 Ra8 18. Bb7 Ra7 19. Bxc6 b4 20. Ne5 Nb6 21. Bxe8 Nxe8 22. Nc6 Qa8 23. Rxe7 Ra6 24. Nb8 Kf8 25. Qe2 g6 26. Rxe8+ Kg7 27. Qe5+ {[%emt 0:00:10] #r} 1-0

[Event "African Online-ch Women 2021"]
[Site "Online"]
[Date "2021.02.01"]
[Round "1.7"]
[White "Jambo, Linda"]
[Black "Latreche, Khadidja"]
[Result "0-1"]
[WhiteElo "1478"]
[BlackElo "1900"]
[PlyCount "52"]
[EventDate "2021.02.01"]
[EventType "swiss"]
[EventCountry "NET"]
[TimeControl "1500+10"]
[WhiteClock "0:05:32"]
[BlackClock "0:07:51"]

1. e4 c5 2. Nf3 e6 3. Be2 Nc6 4. O-O Nf6 5. Nc3 d5 6. exd5 exd5 7. Re1 Be7 8. Bb5 O-O 9. Bxc6 bxc6 10. d3 h6 11. Ne5 Bd7 12. Nxd7 Qxd7 13. b3 Bd6 14. Bb2 Qf5 15. h3 Rfe8 16. Rb1 Rxe1+ 17. Qxe1 Re8 18. Qd1 Qe5 19. g3 d4 20. Na4 Nh5 21. Qf3 Re6 22. Qxc6 Nxg3 23. fxg3 Qxg3+ 24. Qg2 Qe3+ 25. Kh1 Rg6 26. Qf1 Qg3 {[%emt 0:00:59] #R} 0-1

[Event "African Online-ch Women 2021"]
[Site "Online"]
[Date "2021.02.01"]
[Round "1.8"]
[White "Botlhole, Kgalalelo"]
[Black "Farnela, Nuzela Zacarias Musi"]
[Result "1/2-1/2"]
[WhiteElo "1705"]
[BlackElo "1431"]
[PlyCount "120"]
[EventDate "2021.02.01"]
[EventType "swiss"]
[EventCountry "NET"]
[TimeControl "1500+10"]
[WhiteClock "0:21:01"]
[BlackClock "0:08:23"]

{White stopped clock for 125 seconds.} 1. d4 d5 2. c4 c6 3. Nf3 Bf5 4. Nc3 e6 5. cxd5 cxd5 6. Qb3 b6 7. Bg5 Be7 8. Bxe7 Qxe7 9. e3 Nf6 10. Bb5+ Nbd7 11. Ne5 O-O 12. O-O Nxe5 13. dxe5 Ne4 14. Nxe4 Bxe4 15. Rac1 f6 16. exf6 Qxf6 17. f3 Bg6 18. Rc7 Rf7 19. Rfc1 Qe5 20. Rxf7 Bxf7 21. Qc3 Qxc3 22. Rxc3 a6 23. Bd3 b5 24. a3 Rb8 25. Rc7 Kf8 26. Kf2 h6 27. Ra7 Rb6 28. Ra8+ Ke7 29. Ra7+ Kf8 30. g3 g5 31. f4 gxf4 32. gxf4 Kg7 33. Ke2 Kf6 34. Kd2 Rc6 35. b4 Bg6 36. Bxg6 Kxg6 37. Kd3 Kf6 38. Ra8 Kg6 39. Kd4 Kf6 40. Rf8+ Kg7 41. Ra8 Kf6 42. h3 Rc4+ 43. Kd3 Rc6 44. Ra7 Kf5 45. Rh7 Kg6 46. Re7 Kf6 47. Ra7 Kf5 48. Ra8 Kf6 49. e4 dxe4+ 50. Kxe4 Rc4+ 51. Kd3 Rc6 52. Rh8 Kg7 53. Ra8 Kf6 54. Ra7 Kf5 55. Rf7+ Kg6 56. Ra7 Kf5 57. Rf7+ Kg6 58. Re7 {[%emt 0:00:22] Black offered a draw.} Kf6 59. Rh7 {[%emt 0:00:11] Black offered a draw.} Kg6 60. Ra7 Kf5 {[%emt 0:00:08] #D} 1/2-1/2

[Event "African Online-ch Women 2021"]
[Site "Online"]
[Date "2021.02.01"]
[Round "1.9"]
[White "Glenda, Madelta"]
[Black "Vilhete, Vania Fausto Da T."]
[Result "1-0"]
[ECO "A47"]
[WhiteElo "1427"]
[BlackElo "1756"]
[Annotator "NA"]
[PlyCount "53"]
[EventDate "2021.02.01"]
[EventType "swiss"]
[EventCountry "NET"]
[SourceTitle "playchess.com"]
[Source "ChessBase"]
[SourceQuality "1"]
[TimeControl "1500+10"]

1. d4 Nf6 2. Nc3 e6 3. Bf4 b6 4. e3 Bb7 5. Nf3 Bb4 6. Bd3 h6 7. h3 Bxc3+ 8. bxc3 Nd5 9. Qd2 Nxf4 10. exf4 d6 11. Qe3 O-O 12. O-O Nd7 13. Rfe1 Nf6 14. f5 Re8 15. fxe6 Rxe6 16. Qd2 Qd7 17. Rxe6 Qxe6 18. Re1 Qd7 19. Re3 Re8 20. c4 a6 21. Qe2 Rxe3 22. Qxe3 b5 23. cxb5 axb5 24. Nd2 Qc6 25. f3 Qc3 26. Bh7+ Nxh7 27. Qxc3 1-0

[Event "African Online-ch Women 2021"]
[Site "Online"]
[Date "2021.02.01"]
[Round "1.10"]
[White "Francis, Onkemetse"]
[Black "Ibtihal Mohammed"]
[Result "0-1"]
[WhiteElo "1798"]
[BlackElo "1491"]
[PlyCount "134"]
[EventDate "2021.02.01"]
[EventType "swiss"]
[EventCountry "NET"]
[TimeControl "1500+10"]
[WhiteClock "0:00:13"]
[BlackClock "0:18:54"]

1. e4 c5 2. Nc3 Nc6 3. g3 Nf6 4. Bg2 e5 5. d3 Be7 6. Nge2 d6 7. O-O Bg4 8. h3 Be6 9. f4 Qb6 10. Kh2 O-O 11. Na4 Qd8 12. Nac3 a6 13. Be3 b5 14. Qd2 b4 15. Nd1 h6 16. Nf2 Nd4 17. f5 Bd7 18. g4 Qc8 19. Ng3 Nh7 20. Nfh1 Bg5 21. Bxg5 Nxg5 22. f6 g6 23. c3 Nde6 24. h4 Nh7 25. Qxh6 Kh8 26. Ne2 Rg8 27. Qe3 Qd8 28. Qf3 g5 29. h5 Nf4 30. Nhg3 Qxf6 31. Bh1 Qe6 32. Nf5 Nf6 33. Neg3 Kh7 34. a3 bxc3 35. bxc3 Rab8 36. Rab1 Bc6 37. c4 a5 38. Ne2 Ba4 39. Nxf4 exf4 40. Qe2 Qe5 41. Bf3 Rb3 42. Rxb3 Bxb3 43. Rb1 a4 44. Qb2 Qe6 45. Qc3 Nd7 46. Kg2 Ne5 47. Re1 Rb8 48. Re2 Bd1 49. Rf2 Bxf3+ 50. Rxf3 Rb3 51. Qa1 f6 52. Rh3 Nxg4 53. h6 Qe5 54. Qxe5 dxe5 55. Kf3 Ne3 56. Nxe3 fxe3 57. Kxe3 Rxa3 58. Rh2 Rb3 59. Ra2 Rb4 60. Ra3 Kxh6 61. Kf3 Kh5 62. Kg3 g4 63. Ra2 Kg5 64. Rf2 a3 65. Rf5+ Kg6 66. Kxg4 a2 67. Rf1 Rb1 {[%emt 0:00:03] #R} 0-1

[Event "African Online-ch Women 2021"]
[Site "Online"]
[Date "2021.02.01"]
[Round "1.11"]
[White "Namangale, Susan"]
[Black "Charinda, Kudzanayi"]
[Result "0-1"]
[WhiteElo "1344"]
[BlackElo "1710"]
[PlyCount "66"]
[EventDate "2021.02.01"]
[EventType "swiss"]
[EventCountry "NET"]
[TimeControl "1500+10"]
[WhiteClock "0:03:02"]
[BlackClock "0:12:03"]

1. e4 c5 2. Nf3 d6 3. g3 Nf6 4. d3 e6 5. Bg2 Be7 6. c4 Nc6 7. O-O O-O 8. Be3 e5 9. Nc3 Bg4 10. h3 Be6 11. Nh2 Qc8 12. Nd5 Bxh3 13. Nxf6+ Bxf6 14. f4 Bxg2 15. Kxg2 exf4 16. Bxf4 Be5 17. Ng4 f5 18. Nxe5 dxe5 19. Be3 Nd4 20. Bxd4 cxd4 21. Qh5 fxe4 22. dxe4 Qe6 23. Rh1 h6 24. b3 Rf6 25. Rh4 Raf8 26. Rg4 Rf2+ 27. Kg1 Qf6 28. Qh3 Qf3 29. Rg6 Qe3 30. Qe6+ Kh8 31. Rxh6+ {[%emt 0:01:14] White offered a draw.} gxh6 32. Qxe5+ Kh7 33. Qe7+ R2f7+ {[%emt 0:00:16] #R} 0-1

[Event "African Online-ch Women 2021"]
[Site "Online"]
[Date "2021.02.01"]
[Round "1.12"]
[White "Miladi, Amen"]
[Black "Malehloa, Likhomo"]
[Result "1-0"]
[WhiteElo "1802"]
[BlackElo "1331"]
[PlyCount "121"]
[EventDate "2021.02.01"]
[EventType "swiss"]
[EventCountry "NET"]
[TimeControl "1500+10"]
[WhiteClock "0:03:46"]
[BlackClock "0:12:58"]

1. e4 e6 2. d4 d5 3. Nc3 dxe4 4. Nxe4 Nf6 5. Nxf6+ Qxf6 6. Nf3 h6 7. Bd3 Bd6 8. Qe2 O-O 9. Qe4 Rd8 10. h4 Qg6 11. Qxg6 fxg6 12. Bxg6 Nc6 13. c3 Ne7 14. Be4 Rf8 15. a3 c6 16. Nd2 Nd5 17. c4 Nf6 18. Bf3 Bd7 19. O-O Be8 20. Re1 Bf7 21. b4 Rfe8 22. b5 Rac8 23. bxc6 bxc6 24. Ne4 Nxe4 25. Bxe4 c5 26. Bb2 cxd4 27. Bxd4 Bb8 28. Bb7 Rxc4 29. Be5 Rxh4 30. Bc6 Bxe5 31. Rxe5 Re7 32. Rd1 Kh7 33. Rd7 Rxd7 34. Bxd7 Rh5 35. Rxh5 Bxh5 36. Bxe6 Kg6 37. g4 Bxg4 38. Bxg4 Kf6 39. Kf1 Ke5 40. Ke2 Kd4 41. a4 g6 42. Kf3 h5 43. Bd7 Ke5 44. Be8 Kf6 45. Ke4 Kg5 46. Ke5 h4 47. Bd7 Kh5 48. f3 Kg5 49. Bg4 a5 50. Kd5 Kf4 51. Kc5 Ke5 52. Kb5 Kd5 53. Kxa5 Kc5 54. Ka6 Kc6 55. f4 Kd5 56. Kb6 Ke4 57. a5 Kxf4 58. Bd7 g5 59. a6 g4 60. a7 g3 61. a8=Q {[%emt 0:00:04] #r} 1-0

[Event "African Online-ch Women 2021"]
[Site "Online"]
[Date "2021.02.01"]
[Round "1.13"]
[White "McPherson, Naleli"]
[Black "Shaba, Linda Dalitso"]
[Result "1-0"]
[WhiteElo "1303"]
[BlackElo "1603"]
[PlyCount "43"]
[EventDate "2021.02.01"]
[EventType "swiss"]
[EventCountry "NET"]
[TimeControl "1500+10"]
[WhiteClock "0:12:04"]
[BlackClock "0:01:50"]

1. e4 e6 2. d4 d5 3. exd5 exd5 4. Nf3 Nf6 5. Bd3 Bd6 6. O-O O-O 7. h3 h6 8. Re1 Re8 9. Ne5 c5 10. c3 Nc6 11. Nxc6 bxc6 12. Be3 Qb6 13. b3 Bd7 14. Nd2 Re7 15. Qf3 Rae8 16. Nf1 Ne4 17. Rac1 Ng5 18. Qh5 cxd4 19. cxd4 Ne4 20. Bxe4 Rxe4 21. Nd2 R4e6 22. Nf3 {[%emt 0:00:55] #t} 1-0

[Event "African Online-ch Women 2021"]
[Site "Online"]
[Date "2021.02.01"]
[Round "1.14"]
[White "Wanjiru, Lucy"]
[Black "Karania, Saloni"]
[Result "1-0"]
[WhiteElo "1623"]
[BlackElo "1304"]
[PlyCount "45"]
[EventDate "2021.02.01"]
[EventType "swiss"]
[EventCountry "NET"]
[TimeControl "1500+10"]
[WhiteClock "0:21:02"]
[BlackClock "0:17:51"]

1. e4 e5 2. Nf3 Nc6 3. Bc4 Bc5 4. O-O h6 5. c3 Nf6 6. d4 exd4 7. cxd4 Bb6 8. e5 Ne4 9. a4 a6 10. Re1 Ng5 11. d5 Na5 12. Ba2 O-O 13. Nxg5 hxg5 14. b4 d6 15. bxa5 Bxa5 16. Bd2 Bb6 17. e6 fxe6 18. dxe6 Qf6 19. e7+ Kh7 20. Qh5+ Qh6 21. Qxh6+ gxh6 22. exf8=Q Kg6 23. Qf7# 1-0

[Event "African Online-ch Women 2021"]
[Site "Online"]
[Date "2021.02.01"]
[Round "1.15"]
[White "Leboela, Maboloko"]
[Black "Ndirangu, Joyce Nyaruai"]
[Result "1-0"]
[WhiteElo "1296"]
[BlackElo "1659"]
[PlyCount "165"]
[EventDate "2021.02.01"]
[EventType "swiss"]
[EventCountry "NET"]
[TimeControl "1500+10"]
[WhiteClock "0:22:13"]
[BlackClock "0:01:50"]

1. e4 c5 2. Nf3 Nc6 3. Bb5 b6 4. Bxc6 dxc6 5. O-O Nf6 6. d3 e6 7. Bg5 {[%emt 0:00:11] Black stopped clock for 205 seconds.} Be7 8. Nc3 O-O 9. Ne2 Ba6 10. Ng3 Qc7 11. e5 Nd5 12. Bxe7 Nxe7 13. Re1 Rad8 14. Qe2 Rd5 15. c4 Rd7 16. Qe4 Rfd8 17. Rad1 Ng6 18. h4 b5 19. b3 Bb7 20. h5 Nf8 21. Qe2 bxc4 22. dxc4 Qa5 23. Rxd7 Rxd7 24. a4 Bc8 25. Qe3 Qd8 26. Qxc5 Qb6 27. Qxb6 axb6 28. Ne4 f6 29. exf6 Rd3 30. fxg7 Kxg7 31. b4 Rb3 32. b5 cxb5 33. axb5 Bb7 34. Nfd2 Rb2 35. Nd6 Bxg2 36. Kxg2 Rxd2 37. Nc8 Kf6 38. Nxb6 Rc2 39. Kf3 Kf5 40. Re2 Rc3+ 41. Re3 Rc1 42. Re4 e5 43. Nd5 Nd7 44. Ne3+ Ke6 45. Ng4 Rc3+ 46. Ne3 Nf6 47. Rh4 Ne8 48. Ke2 Nd6 49. Kd2 Rb3 50. Kc2 Ra3 51. b6 Ra2+ 52. Kd3 Rxf2 53. c5 Rb2 54. cxd6 Rxb6 55. Nc4 Rb3+ 56. Kc2 Rb5 57. Re4 Kd7 58. Kc3 Rb1 59. Rxe5 Rh1 60. Rg5 h6 61. Ra5 Rh4 62. Ra7+ Kd8 63. Nb6 Rh3+ 64. Kd4 Rh4+ 65. Ke3 Ke8 66. d7+ Ke7 67. Nd5+ Kd8 68. Nf6 Rh3+ 69. Kf4 Ke7 70. Ng8+ Kd8 71. Nf6 Ke7 72. Kf5 Rf3+ 73. Ke5 Re3+ 74. Kf4 Re1 75. Ng8+ Kd8 76. Nf6 Ke7 77. Nd5+ Kd8 78. Nb6 Rd1 79. Kf5 Rd6 80. Ra8+ Ke7 81. Re8+ Kf7 82. d8=Q Rxd8 83. Rxd8 {[%emt 0:00:03] #r} 1-0

[Event "African Online-ch Women 2021"]
[Site "Online"]
[Date "2021.02.01"]
[Round "1.16"]
[White "Maingi, Sasha"]
[Black "Farzaliyeva, Shams"]
[Result "1-0"]
[WhiteElo "1599"]
[BlackElo "1219"]
[PlyCount "53"]
[EventDate "2021.02.01"]
[EventType "swiss"]
[EventCountry "NET"]
[TimeControl "1500+10"]
[WhiteClock "0:10:52"]
[BlackClock "0:15:34"]

1. e4 b6 2. d4 Bb7 3. Nc3 e6 4. Bd3 Nf6 5. Nf3 h6 6. a3 Nc6 7. O-O g6 8. Re1 Bg7 9. e5 Nd5 10. Nxd5 exd5 11. Be3 O-O 12. Qd2 Kh7 13. h4 Ne7 14. h5 d6 15. Nh4 dxe5 16. dxe5 d4 17. Bxd4 Nc6 18. Nf3 Nxd4 19. Nxd4 Qg5 20. Qxg5 hxg5 21. hxg6+ fxg6 22. Ne6 Rg8 23. Nxg5+ Kh6 24. Ne6 c5 25. f4 Rac8 26. Re3 c4 27. Rh3# 1-0

[Event "African Online-ch Women 2021"]
[Site "Online"]
[Date "2021.02.01"]
[Round "2.5"]
[White "Latreche, Khadidja"]
[Black "McPherson, Naleli"]
[Result "0-1"]
[ECO "C41"]
[WhiteElo "1900"]
[BlackElo "1303"]
[Annotator "RC"]
[PlyCount "118"]
[EventDate "2021.02.01"]
[EventType "swiss"]
[EventCountry "NET"]
[SourceTitle "playchess.com"]
[Source "ChessBase"]
[SourceQuality "1"]
[TimeControl "1500+10"]

1. e4 e5 2. Nf3 d6 3. d4 exd4 4. Nxd4 c5 5. Nf3 Nc6 6. Bc4 Be7 7. O-O Nf6 8. Re1 O-O 9. h3 Be6 10. Bxe6 fxe6 11. c4 e5 12. Nc3 a6 13. Ng5 Qd7 14. Nd5 Nxd5 15. Qxd5+ Kh8 16. Nf7+ Rxf7 17. Qxf7 Rf8 18. Qh5 Nd4 19. Rd1 Qc6 20. Qg4 Rf6 21. Qh4 Nf3+ 22. gxf3 Rg6+ 23. Qg3 Rxg3+ 24. fxg3 b5 25. cxb5 axb5 26. Be3 h6 27. b3 b4 28. Rac1 Qa6 29. Rc2 Kh7 30. Kf2 g5 31. f4 exf4 32. gxf4 Qc8 33. f5 Qe8 34. Rd3 Qh5 35. Bc1 g4 36. Kg2 gxh3+ 37. Kh2 d5 38. Rxh3 Bd6+ 39. Kg1 Qxh3 40. f6 Qe6 41. Rf2 Qxe4 42. Bd2 Qb1+ 43. Kg2 Qxa2 44. f7 Bf8 45. Be3 Qxb3 46. Bxc5 Bxc5 47. f8=Q Bxf8 48. Rxf8 d4 49. Rf2 d3 50. Rf3 Qc2+ 51. Kg3 d2 52. Rf4 Qc7 53. Kf3 Qxf4+ 54. Kxf4 d1=Q 55. Kg3 b3 56. Kh4 b2 57. Kh3 b1=Q 58. Kh2 Qdd3 59. Kg2 Qbc2+ 0-1

[Event "African Online-ch Women 2021"]
[Site "Online"]
[Date "2021.02.01"]
[Round "2.6"]
[White "Charinda, Kudzanayi"]
[Black "Leboela, Maboloko"]
[Result "1-0"]
[ECO "C44"]
[WhiteElo "1710"]
[BlackElo "1296"]
[Annotator "NA RC"]
[PlyCount "57"]
[EventDate "2021.02.01"]
[EventType "swiss"]
[EventCountry "NET"]
[SourceTitle "playchess.com"]
[Source "ChessBase"]
[SourceQuality "1"]
[TimeControl "1500+10"]

1. e4 e5 2. Nf3 Nc6 3. d4 exd4 4. Bc4 Bb4+ 5. c3 dxc3 6. bxc3 Ba5 7. Qb3 Qe7 8. O-O Nf6 9. e5 Ng4 10. Ba3 d6 11. exd6 cxd6 12. Re1 Nge5 13. Nxe5 Nxe5 14. Nd2 O-O 15. f4 Qf6 16. fxe5 Qg5 17. Nf3 Qg6 18. exd6 Bh3 19. Bf1 Rfc8 20. Rac1 Bb6+ 21. Kh1 Bd7 22. Ne5 Qf5 23. Nxd7 Qxd7 24. Bb5 Qg4 25. d7 Rd8 26. Re8+ Rxe8 27. dxe8=Q+ Rxe8 28. Bxe8 Qf4 29. Bxf7+ 1-0

[Event "African Online-ch Women 2021"]
[Site "Online"]
[Date "2021.02.01"]
[Round "2.7"]
[White "Ibtihal Mohammed"]
[Black "Miladi, Amen"]
[Result "0-1"]
[ECO "B02"]
[WhiteElo "1491"]
[BlackElo "1802"]
[Annotator "NA RC"]
[PlyCount "44"]
[EventDate "2021.02.01"]
[EventType "swiss"]
[EventCountry "NET"]
[SourceTitle "playchess.com"]
[Source "ChessBase"]
[SourceQuality "1"]
[TimeControl "1500+10"]

1. e4 c5 2. c3 Nf6 3. e5 Nd5 4. d4 e6 5. Nf3 cxd4 6. cxd4 Nc6 7. Nc3 d6 8. Nxd5 exd5 9. Bb5 Qa5+ 10. Bd2 Qxb5 11. Rc1 dxe5 12. dxe5 Bb4 13. a4 Bxd2+ 14. Qxd2 Qb4 15. O-O Qxd2 16. Nxd2 O-O 17. f4 Nd4 18. Kf2 f6 19. Ke3 Nf5+ 20. Kd3 b6 21. g4 Ba6+ 22. Kc2 Ne3+ 0-1

[Event "African Online-ch Women 2021"]
[Site "Online"]
[Date "2021.02.01"]
[Round "2.8"]
[White "Vilhete, Vania Fausto Da T."]
[Black "Botlhole, Kgalalelo"]
[Result "0-1"]
[ECO "D30"]
[WhiteElo "1799"]
[BlackElo "1705"]
[Annotator "NA"]
[PlyCount "124"]
[EventDate "2021.02.01"]
[EventType "swiss"]
[EventCountry "NET"]
[SourceTitle "playchess.com"]
[Source "ChessBase"]
[SourceQuality "1"]
[TimeControl "1500+10"]

1. d4 d5 2. c4 e6 3. Nf3 Nf6 4. e3 c6 5. Bd3 dxc4 6. Bxc4 b5 7. Bd3 Bb7 8. O-O Nbd7 9. Nbd2 a6 10. b3 Be7 11. Bb2 O-O 12. Rc1 c5 13. Bb1 Rc8 14. Qe2 h6 15. Rfd1 Qb6 16. Ne5 Rfd8 17. Ndf3 Nf8 18. h3 Be4 19. dxc5 Bxc5 20. Nd3 Be7 21. Bd4 Qb7 22. Nde5 Bxb1 23. Rxb1 Qe4 24. Rbc1 Ba3 25. Bb2 Rxd1+ 26. Qxd1 Rxc1 27. Qxc1 Bxb2 28. Qxb2 Nd5 29. Qc1 f6 30. Nc6 Kh7 31. Nfd4 e5 32. Ne2 Ne6 33. Ng3 Qd3 34. Nb8 Nc3 35. Nxa6 Nxa2 36. Qb2 Nc3 37. Nb4 Qd1+ 38. Kh2 Nd5 39. Nxd5 Qxd5 40. Qc2+ Kg8 41. Nf5 Qd7 42. b4 Ng5 43. Qa2+ Kh7 44. Ng3 Qe6 45. Qc2+ e4 46. h4 Nf7 47. Qxe4+ Qxe4 48. Nxe4 Kg6 49. Kg3 Kf5 50. Kf3 Ne5+ 51. Ke2 Kxe4 52. f3+ Kd5 53. g4 Nc6 54. e4+ Ke5 55. Ke3 Nxb4 56. f4+ Ke6 57. g5 fxg5 58. fxg5 hxg5 59. hxg5 Ke5 60. g6 Nc6 61. Kd3 b4 62. Kc4 Kxe4 0-1

[Event "African Online-ch Women 2021"]
[Site "Online"]
[Date "2021.02.01"]
[Round "2.9"]
[White "Farnela, Nuzela Zacarias Musi"]
[Black "Rodriguez Guevara, Celia M."]
[Result "0-1"]
[ECO "A00"]
[WhiteElo "1431"]
[BlackElo "1849"]
[Annotator "NA RC"]
[PlyCount "70"]
[EventDate "2021.02.01"]
[EventType "swiss"]
[EventCountry "NET"]
[SourceTitle "playchess.com"]
[Source "ChessBase"]
[SourceQuality "1"]
[TimeControl "1500+10"]

1. e4 d5 2. Nc3 dxe4 3. Nxe4 Bf5 4. Nc3 Nf6 5. Bc4 e6 6. d3 Bd6 7. h3 c6 8. a3 Nbd7 9. Nf3 h6 10. Be3 Qc7 11. Qd2 Nb6 12. Bb3 O-O-O 13. Nd4 Bg6 14. O-O-O Rhe8 15. Nde2 Kb8 16. Ng3 Nbd5 17. Nxd5 Nxd5 18. Bxd5 cxd5 19. Rhe1 Rc8 20. Ne2 e5 21. f3 d4 22. Bf2 f6 23. Ng3 f5 24. Re2 Bh7 25. Rde1 Qf7 26. Kb1 Bg8 27. b3 Bxa3 28. Qa5 Qf8 29. Rxe5 Rxe5 30. Qxe5+ Bd6 31. Qxd4 Rc5 32. Qa4 b5 33. Qa6 Rc7 34. Qxb5+ Rb7 35. Re8+ Kc7 0-1

[Event "African Online-ch Women 2021"]
[Site "Online"]
[Date "2021.02.01"]
[Round "2.10"]
[White "Du Plessis, Anika"]
[Black "Francis, Onkemetse"]
[Result "0-1"]
[ECO "C45"]
[WhiteElo "1541"]
[BlackElo "1798"]
[Annotator "NA"]
[PlyCount "124"]
[EventDate "2021.02.01"]
[EventType "swiss"]
[EventCountry "NET"]
[SourceTitle "playchess.com"]
[Source "ChessBase"]
[SourceQuality "1"]
[TimeControl "1500+10"]

1. e4 e5 2. Nf3 Nc6 3. d4 exd4 4. Nxd4 Nxd4 5. Qxd4 Qf6 6. c3 Qxd4 7. cxd4 Nf6 8. Nc3 Bb4 9. f3 d6 10. Bc4 h6 11. Be3 O-O 12. O-O Bd7 13. a4 Rfe8 14. Bf2 c6 15. d5 Bxc3 16. bxc3 cxd5 17. exd5 Rec8 18. Bb5 Bxb5 19. axb5 Nxd5 20. c4 Rxc4 21. Rfd1 Nc3 22. Rxd6 Nxb5 23. Rd7 Rc7 24. Rxc7 Nxc7 25. Rxa7 Rxa7 26. Bxa7 b5 27. Bc5 Nd5 28. Kf1 g6 29. Ke1 f5 30. Kd2 Kf7 31. h4 Ke6 32. Bd4 Ne7 33. Kd3 Kd5 34. g4 Nc6 35. Bg7 fxg4 36. fxg4 Ne5+ 37. Kc3 Nxg4 38. Kb4 Kc6 39. Bf8 h5 40. Be7 Ne5 41. Bf6 Nd7 42. Be7 Nb6 43. Bg5 Nd5+ 44. Kb3 Kc5 45. Bh6 Kc6 46. Bg5 Nc7 47. Kb4 Ne6 48. Be3 Ng7 49. Bg5 Nf5 50. Bf6 Kd5 51. Kxb5 Ke4 52. Kc4 Kf4 53. Kd3 Kg4 54. Ke2 Nxh4 55. Kf2 g5 56. Bd8 Nf5 57. Kg2 Kf4 58. Bc7+ Ke4 59. Bd8 g4 60. Bg5 h4 61. Bxh4 Nxh4+ 62. Kg3 Kf5 0-1

[Event "African Online-ch Women 2021"]
[Site "Online"]
[Date "2021.02.01"]
[Round "2.11"]
[White "Shaba, Linda Dalitso"]
[Black "Castro, Neusa Aridas De"]
[Result "1/2-1/2"]
[ECO "E06"]
[WhiteElo "1603"]
[BlackElo "1512"]
[Annotator "NA RC"]
[PlyCount "93"]
[EventDate "2021.02.01"]
[EventType "swiss"]
[EventCountry "NET"]
[SourceTitle "playchess.com"]
[Source "ChessBase"]
[SourceQuality "1"]
[TimeControl "1500+10"]

1. Nf3 e6 2. d4 d5 3. c4 Nf6 4. g3 Be7 5. Bg2 O-O 6. O-O c5 7. cxd5 Nxd5 8. e4 Nb4 9. a3 N4c6 10. d5 exd5 11. exd5 Na5 12. Nc3 Nc4 13. Qd3 Nd6 14. Be3 b6 15. Rfe1 Bb7 16. h4 Nd7 17. Bg5 Nf6 18. Rad1 Re8 19. Ne5 Qc7 20. Nb5 Nxb5 21. Qxb5 a6 22. Qb3 Rad8 23. Bf4 Bd6 24. Nd3 Rxe1+ 25. Rxe1 c4 26. Bxd6 Rxd6 27. Qc3 h6 28. Nf4 Bxd5 29. Nxd5 Nxd5 30. Re8+ Kh7 31. Qc2+ g6 32. h5 Ne7 33. hxg6+ Nxg6 34. Qc3 f6 35. Be4 Qf7 36. Bxg6+ Kxg6 37. Re3 Kg7 38. Qb4 Rd1+ 39. Kg2 Qd5+ 40. Rf3 b5 41. Qe7+ Kg6 42. Qxf6+ Kh7 43. Qe7+ Kg6 44. Qf6+ Kh7 45. Qe7+ Kg8 46. Qf8+ Kh7 47. Qe7+ 1/2-1/2